 Dungeon Crawl Stone Soup version 0.19.0-22-gd96e5fe (webtiles) character file.

124 Monkfish the Cutter (level 5, -2/33 HPs)
             Began as a Kobold Berserker on Nov 19, 2016.
             Was a Believer of Trog.
             Slain by a hobgoblin
             ... wielding a +0 club
              (6 damage)
             ... while paralysed
             ... on level 3 of the Dungeon.
             The game lasted 00:02:25 (2104 turns).

Monkfish the Cutter (Kobold Berserker)              Turns: 2104, Time: 00:02:26

Health: -2/33      AC:  2    Str: 14 (15) XL:     5   Next: 30%
Magic:  5/5        EV:  3    Int: 12      God:    Trog [**....]
Gold:   75         SH:  0    Dex: 14 (15) Spells: 0 memorised, 4 levels left

rFire  . . .     SeeInvis .     a - +1 short sword
rCold  . . .     Gourm    .     b - +0 animal skin
rNeg   . . .     Faith    .     (shield restricted)
rPois  .         Spirit   .     (no helmet)
rElec  .         Reflect  .     (no cloak)
rCorr  .         Harm     .     (no gloves)
MR     .....                    (no boots)
Stlth  ++........               (no amulet)
                                (no ring)
                                i - +4 ring of intelligence

@: paralysed, exhausted, slowed
A: carnivore 3
a: Berserk, Trog's Hand, Burn Spellbooks, Renounce Religion


You were on level 3 of the Dungeon.
You worshipped Trog.
Trog was pleased with you.
You were full.

You visited 1 branch of the dungeon, and saw 3 of its levels.

You collected 75 gold pieces.

Inventory:

Hand Weapons
 a - a +1 short sword (weapon)
Armour
 b - a +0 animal skin (worn)
Jewellery
 f - a cursed ring of loudness {unknown}
 g - an uncursed ring of flight {unknown}
 i - a +4 ring of intelligence (left hand)
Potions
 d - a potion of resistance
 e - a potion of cure mutation
Comestibles
 c - a meat ration
 l - a royal jelly
 q - 2 slices of pizza


   Skills:
 + Level 4.0 Fighting
 + Level 5.1 Short Blades
 - Level 1.5 Armour
 + Level 3.3 Dodging
 * Level 3.8 Stealth


You had 4 spell levels left.
You didn't know any spells.

Dungeon Overview and Level Annotations

Branches:
Dungeon (3/15)

Altars:
Fedhas
Hepliaklqana
Ru
Vehumet
Xom
The Shining One


Innate Abilities, Weirdness & Mutations

You are small and have problems with some larger weapons.
You are carnivorous and can eat meat at any time.


Message History

* * * LOW HITPOINT WARNING * * *
A hobgoblin comes into view. It is wielding a club.
The hobgoblin shouts!
You puncture the gnoll!
You kill the gnoll!
Trog accepts your kill.
You feel your strength returning.
Your Fighting skill increases to level 4!
Things that are here:
a whip; a gnoll corpse You feel a strong urge to attack something.
You are no longer berserk.
You pass out from exhaustion.
You feel yourself slow down.
Your skin stops crawling.
You feel less resistant to hostile enchantments.
The hobgoblin hits you with a club.
* * * LOW HITPOINT WARNING * * *
The hobgoblin hits you with a club.
You die...

.# #.# #.# #.#.# .#
##.#####.###.#.# .#
#..............# .#
#.........>..### .#
#.######.###.# .# #.#
#.# #.# . .# #.#
#†###.###... .#
#.######†))..?....#
.#
#.##...(..)@g......
.#
#.##.##.###..###..#
.# #..# #.###..# .#
##.# #..##..# .# #.#
###^###.# .#
#.####≈..≈### .#
###.##≈.≈#...## #
.####...#..≈≈.#...#..
......#.^§_≈._≈♣≈_^.


You could see a hobgoblin.

Vanquished Creatures
  4 gnolls (D:3)
  4 adders
  A worm (D:2)
  2 leopard geckos (D:3)
  2 orcs (D:3)
  2 bats
  5 giant cockroaches
  2 goblins
  6 hobgoblins
  3 kobolds
  A quokka (D:2)
  2 ball pythons
  5 frilled lizards
  6 rats
45 creatures vanquished.

Notes
Turn   | Place    | Note
-------+----------+-------------------------------------------
     0 | D:1      | Monkfish the Kobold Berserker began the quest for the Orb.
     0 | D:1      | Reached XP level 1. HP: 14/14 MP: 1/1
    47 | D:1      | You fall through a shaft!
    54 | D:2      | Reached XP level 2. HP: 19/19 MP: 2/2
   100 | D:2      | Reached skill level 1 in Stealth
   432 | D:1      | Reached XP level 3. HP: 19/23 MP: 3/3
  1316 | D:2      | Reached ** piety under Trog
  1329 | D:2      | Reached XP level 4. HP: 18/29 MP: 4/4
  1342 | D:2      | Found a blossoming altar of Fedhas.
  1393 | D:2      | Found a glowing golden altar of the Shining One.
  1395 | D:2      | Found a sacrificial altar of Ru.
  1397 | D:2      | Found a hazy altar of Hepliaklqana.
  1398 | D:2      | Found a radiant altar of Vehumet.
  1838 | D:3      | Found a shimmering altar of Xom.
  1838 | D:3      | Found a shimmering altar of Xom.
  1845 | D:3      | Found a shimmering altar of Xom.
  2091 | D:3      | Reached XP level 5. HP: 13/33 MP: 5/5
  2091 | D:3      | HP: 2/49 [gnoll/halberd (12)]
  2096 | D:3      | Reached skill level 5 in Short Blades
  2104 | D:3      | Slain by a hobgoblin

Skill      XL: |  1  2  3  4  5 |
---------------+----------------+-----
Stealth        | 1 2 3 |  3.8
Dodging        | 3 |  3.3
Short Blades   | 5 |  5.1
Fighting       | 4 |  4.0
Armour         | |  1.5

Action                   |  1- 3 |  4- 6 || total
-------------------------+-------+-------++-------
Melee: Short sword       |   117 |    81 ||   198
Invok: Berserk           |     2 |     2 ||     4
       Trog's Hand       |       |     2 ||     2
  Use: Scroll            |     7 |     1 ||     8
       Potion            |     4 |     1 ||     5
 Stab: Sleeping          |     3 |     3 ||     6
  Eat: Chunk             |    11 |     3 ||    14
Armor: Animal skin       |    11 |     4 ||    15
Dodge: Dodged            |    86 |    58 ||   144
